 Dungeon Crawl Stone Soup version 0.27-a0-1217-g8a41f320e8 (webtiles) character file.

Game seed: 138910883821438690

198 Ancestrald the Gusty (level 5, 0/28 HPs)
             Began as a Tengu Air Elementalist on June 6, 2021.
             Was an Initiate of the Shining One.
             Killed by divine providence
             ... invoked by an orc priest
              (13 damage)
             ... on level 4 of the Dungeon.
             The game lasted 00:15:29 (3243 turns).

Ancestrald the Gusty (Tengu Air Elementalist)       Turns: 3243, Time: 00:15:29

Health: 0/28       AC:  2    Str:  8    XL:     5   Next: 76%
Magic:  2/9        EV: 15    Int: 16    God:    the Shining One [......]
Gold:   111        SH:  0    Dex: 15    Spells: 4/8 levels left

rFire    . . .     SeeInvis .   e - +4 short sword (elec)
rCold    . . .     Faith    .   (no shield)
rNeg     . . .     Spirit   .   a - +0 robe
rPois    .         Reflect  .   (helmet restricted)
rElec    .         Harm     .   (no cloak)
rCorr    .         Rampage  .   (no gloves)
Will     .....                  (boots unavailable)
Stlth    +.........             (no amulet)
HPRegen  0.09/turn              (no ring)
MPRegen  0.11/turn              (no ring)

@: flying quickly and evasively, glowing, quick
A: beak, talons 3, nimble flight
a: Renounce Religion


You were on level 4 of the Dungeon.
You worshipped the Shining One.
The Shining One was noncommittal.
You visited 1 branch of the dungeon, and saw 4 of its levels.

You collected 131 gold pieces.
You spent 20 gold pieces at shops.

Inventory:

Hand Weapons
 e - a +4 short sword of electrocution (weapon)
 s - a +3 flail
Missiles
 c - 6 javelins
 d - 19 sling bullets
 f - 65 stones
 q - 25 bolts
Armour
 a - a +0 robe (worn)
 m - a +1 helmet
Wands
 n - a wand of mindburst (13)
Scrolls
 h - a scroll of amnesia
 j - a scroll of enchant armour
 l - a scroll of noise {unknown}
 o - a scroll of vulnerability {unknown}
 p - a scroll of acquirement {unknown}
 r - 3 scrolls of identify
 u - a scroll of immolation {unknown}
Potions
 b - 2 potions of might {unknown}
 g - a potion of cancellation {unknown}
 i - a potion of heal wounds {unknown}
 k - 2 potions of curing {unknown}
 t - a potion of ambrosia {unknown}


   Skills:
 + Level 0.2 Fighting
 + Level 0.2 Short Blades
 + Level 2.4 Dodging
 + Level 2.3 Stealth
 - Level 2.0 Spellcasting
 + Level 3.8 Conjurations
 * Level 6.8 Air Magic


You had 4 spell levels left.
You knew the following spells:

 Your Spells              Type           Power      Damage    Failure   Level
a - Shock                 Conj/Air       72%        1d7       2%          1
b - Swiftness             Air            23%        N/A       3%          3

Your spell library contained the following spells:

 Spells                   Type           Power      Damage    Failure   Level
 Static Discharge         Conj/Air       18%        N/A       3%          2
 Airstrike                Air            11%        N/A       12%         4
 Lightning Bolt           Conj/Air       9%         1d21      54%         5


Dungeon Overview and Level Annotations

Branches:
Dungeon (4/15)
 Temple: D:4-7

Altars:
The Shining One

Shops:
D:2 ?


Innate Abilities, Weirdness & Mutations

You have a beak for a mouth.
You have claws for feet.
Your magical nature lets you fly swiftly and evasively.


Message History

The orc priest barely misses you.
Aiming: Shock (safe; 2% risk of failure)
Press: ? - help, Q - select action, (/) - cycle Shift-Dir - straight line, f/p - orc priest
Aim: an orc priest, wielding a +0 dagger (moderately wounded, 71% to hit)
The zap hits the orc priest.
The orc priest is severely wounded.
The zap hits the orc.
The orc is heavily wounded.
An orc comes into view. It is wielding a +0 flail.
Aiming: Shock (safe; 2% risk of failure)
Press: ? - help, Q - select action, (/) - cycle Shift-Dir - straight line, f/p - orc priest
Aim: an orc priest, wielding a +0 dagger (severely wounded, 71% to hit)
The zap hits the orc priest!
You kill the orc priest!
The Shining One accepts your kill.
The orc priest calls upon Beogh to heal the orc.
The orc's wounds heal themselves!
Aiming: Shock (safe; 2% risk of failure)
Press: ? - help, Q - select action, (/) - cycle Shift-Dir - straight line The zap hits the orc.
The orc is almost dead.
The zap hits the orc!
You kill the orc!
Aiming: Shock (safe; 2% risk of failure)
Press: ? - help, Q - select action, (/) - cycle Shift-Dir - straight line The zap hits the orc priest.
The orc priest is almost dead.
The zap hits the orc priest but does no damage.
The zap hits the orc priest.
The orc priest is lightly wounded.
The orc priest invokes the aid of Beogh against you.
Beogh smites you!
Ouch! That really hurt!
The orc priest calls upon Beogh to heal the orc priest.
The orc priest's wounds heal themselves!
There are monsters nearby!
The orc priest looks braver for a moment.
The orc priest mumbles some strange prayers to Beogh against you.
Beogh smites you!
You die...

############
######....@.....#
..................
#####
#####..o##.#....#
#.... #...##.#.##.#
#....
.#######o###.#.##.#
#....
........o###.#.##.#
#####
######......#.#..# #
#........#..# #
#..##..#....##########


You could see 2 orc priests and an orc.

Vanquished Creatures
  A crimson imp (D:3)
  An orc priest (D:4)
  An orc wizard (D:3)
  An adder (D:3)
  A gnoll (D:3)
  A worm (D:2)
  A dart slug (D:3)
  4 orcs
  8 ball pythons
  5 endoplasms
  4 giant cockroaches
  3 goblins
  6 hobgoblins
  8 jackals
  9 kobolds
  3 quokkas
  3 bats
  7 frilled lizards
  2 goblin zombies (D:3)
  2 hobgoblin zombies (D:3)
  3 kobold skeletons (D:3)
  An orc skeleton (D:3)
  An orc zombie (D:3)
  5 rats
81 creatures vanquished.

Notes
Turn   | Place    | Note
-------+----------+-------------------------------------------
     0 | D:1      | Ancestrald the Tengu Air Elementalist began the quest for
                  | the Orb.
     0 | D:1      | Reached XP level 1. HP: 10/10 MP: 4/4
   191 | D:1      | Reached XP level 2. HP: 15/15 MP: 0/6
   538 | D:1      | Reached XP level 3. HP: 18/19 MP: 0/7
   655 | D:1      | Reached skill level 5 in Air Magic
  1127 | D:2      | Found Qaxtept's Magic Scroll Emporium.
  1135 | D:2      | Bought a scroll of identify for 20 gold pieces
  1342 | D:2      | Learned a level 3 spell: Swiftness
  1716 | D:3      | Reached XP level 4. HP: 24/24 MP: 6/8
  1936 | D:3      | Reached skill level 6 in Air Magic
  2374 | D:3      | Found a glowing golden altar of the Shining One.
  2407 | D:3      | Gained mutation: Your magical nature lets you fly swiftly
                  | and evasively. [Tengu growth]
  2407 | D:3      | Reached XP level 5. HP: 28/28 MP: 2/9
  2607 | D:3      | Became a worshipper of the Shining One
  3243 | D:4      | Killed from afar by an orc priest

Illustrated notes

Levels and vault maps discovered:
D:1:      dpeg_arrival_three_bigger_balls, layout_basic, minmay_crystal_water
D:2:      layout_rooms, serial_shops, shop
D:3:      layout_loops_ring, nicolae_tso_besieged_by_evil,
          minmay_randomly_rotated_circles
D:4:      layout_basic, wad_orctagon

Skill      XL: |  1  2  3  4 |
---------------+-------------+-----
Conjurations   | 2 3 |  3.8
Air Magic      | 5 6 |  6.8
Fighting       | |  0.2
Short Blades   | |  0.2
Dodging        | |  2.4
Stealth        | |  2.3
Spellcasting   | |  2.0

Action                   |  1- 3 |  4- 6 || total
-------------------------+-------+-------++-------
Melee: Short sword       |     7 |    11 ||    18
       Kick              |       |     1 ||     1
 Cast: Shock             |    73 |    63 ||   136
  Use: Scroll            |     2 |       ||     2
Armor: Robe              |     1 |     1 ||     2
Dodge: Dodged            |     3 |    13 ||    16

Table legend: (Time is in decaauts)
 A = Elapsed time spent in this place.
 B = Non-inter-level travel time spent in this place.
 C = Inter-level travel time spent in this place.
 D = Time resting spent in this place.
 E = Time spent auto-exploring this place.
 F = Levels seen in this place.
 G = Mean time per level.
                   A        B        C        D        E       F      G
               +--------+--------+--------+--------+--------+-----+--------+
         Total |   3179 |   3134 |     45 |    479 |   2029 |   4 |  794.8 |
       Dungeon |   3179 |   3134 |     45 |    479 |   2029 |   4 |  794.8 |
               +--------+--------+--------+--------+--------+-----+--------+

Top non-repeatable levels by time:
     D:3: 1337 daAuts
     D:1: 994 daAuts
     D:2: 711 daAuts
     D:4: 135 daAuts
